 Dungeon Crawl Stone Soup version 0.27-a0-1144-g0b7d3b79db (webtiles) character file.

Game seed: 3992851211175767277

490 kae the Ruffian (level 6, -2/48 HPs)
             Began as a Demonspawn Abyssal Knight on May 10, 2021.
             Was a Believer of Lugonu.
             Slain by a troll zombie (9 damage)
             ... in an ossuary.
             The game lasted 00:04:29 (5647 turns).

kae the Ruffian (Demonspawn Abyssal Knight)         Turns: 5647, Time: 00:04:29

Health: -2/48      AC:  8    Str: 15    XL:     6   Next: 90%
Magic:  7/7        EV: 10    Int: 13    God:    Lugonu [**....]
Gold:   117        SH:  6    Dex: 12    Spells: 5/5 levels left

rFire    . . .     SeeInvis .   a - +1 falchion (vamp)
rCold    . . .     Faith    .   (no shield)
rNeg     . . .     Spirit   .   e - +3 ring mail
rPois    .         Reflect  .   (no helmet)
rElec    .         Harm     .   (no cloak)
rCorr    .         Rampage  .   (no gloves)
Will     .....                  (no boots)
Stlth    +.........             (no amulet)
HPRegen  0.16/turn              (no ring)
MPRegen  0.10/turn              (no ring)

@: no status effects
A: claws 1, large bone plates 2, demonic guardian 1
a: Renounce Religion, Depart the Abyss, Bend Space


You were in an ossuary.
You worshipped Lugonu.
Lugonu was pleased with you.
You visited 1 branch of the dungeon, and saw 4 of its levels.
You visited the Abyss 1 time.
You also visited: Ossuary.

You collected 117 gold pieces.

Inventory:

Hand Weapons
 a - a +1 vampiric falchion (weapon)
Armour
 e - a +3 ring mail (worn)
Scrolls
 g - 3 scrolls of enchant armour
Potions
 d - a potion of curing


   Skills:
 - Level 4.1 Fighting
 - Level 4.1 Long Blades
 - Level 1.7 Armour
 - Level 0.8 Dodging
 * Level 4.5 Unarmed Combat
 - Level 2.4 Invocations


You had 5 spell levels left.
You didn't know any spells.
Your spell library was empty.

Dungeon Overview and Level Annotations

Branches:
Dungeon (4/15)            Ossuary (1/1)
 Temple: D:4-7

Altars:

Shops:
D:2 (


Innate Abilities, Weirdness & Mutations

You have sharp fingernails.
You are mostly covered in large bone plates. (SH +6)
A weak demonic guardian rushes to your aid.


Message History

The mummy is moderately damaged.
The mummy hits you but does no damage.
You hit the mummy.
The mummy is moderately damaged.
You hit the mummy but do no damage.
The mummy is moderately damaged.
The mummy hits you but does no damage.
You hit the mummy.
The mummy is moderately damaged.
The mummy barely misses you.
You hit the mummy.
The mummy is moderately damaged.
You hit the mummy.
The mummy is heavily damaged.
The mummy barely misses you.
You hit the mummy. You claw the mummy.
The mummy is severely damaged.
The mummy completely misses you.
You hit the mummy.
The mummy is almost destroyed.
The troll zombie bites you. The troll zombie claws you!
The troll zombie claws you.
You barely miss the mummy.
The mummy is almost destroyed.
The troll zombie closely misses you. You block the troll zombie's attack. x2
The mummy hits you!
You are too injured to fight recklessly!
You are too injured to fight recklessly!
You are too injured to fight recklessly!
You are too injured to fight recklessly!
You are too injured to fight recklessly!
You hit the mummy.
You destroy the mummy!
Lugonu accepts your kill. The troll zombie bites you.
The troll zombie completely misses you. The troll zombie claws you.
The troll zombie barely misses you. The troll zombie claws you!
* * * LOW HITPOINT WARNING * * *
A demonic guardian appears!
The troll zombie claws you!
You die...

#..#####'###+###'###'###+###..#
#..# #...#...#...#..# #..#
##+####'########.#..# #..+ .
#....#....#....#.#..# #..# ..
#....#....#....###M.# #..#
...#....#....#....#.'..# #..#
........#.........+.#..# #..+
##......#......####.#..# #..#
......5.@.........###..# #..#
.......Z..........#.'..# #..#
.......??!...'....'.#..# #..+
......!!$??.......#.#..# #M.#
####..?$∩$?..########.Z# #.Z#
....?!$?!.......#.'..# #..#
......!?!........'.#..# #..+
..................#.#..# #..#
..................###..#


You could see a troll zombie (ally target) and a friendly shadow imp (summoned).

Vanquished Creatures
  Sigmund (D:3)
  A centaur zombie (Ossuary)
  A bullfrog skeleton (D:3)
  An ogre zombie (Ossuary)
  6 mummies (Ossuary)
  4 adders
  3 adder zombies (Ossuary)
  3 worms
  3 dart slugs (D:2)
  4 orcs
  9 ball pythons
  7 endoplasms
  3 giant cockroaches
  4 goblins (D:1)
  4 hobgoblins
  7 kobolds
  2 quokkas
  6 bats
  6 frilled lizards
  A gnoll zombie (Ossuary)
  A goblin zombie (Ossuary)
  2 hobgoblin zombies (Ossuary)
  5 kobold zombies (Ossuary)
  4 quokka zombies (Ossuary)
  7 rats
  2 rat zombies (Ossuary)
97 creatures vanquished.

Vanquished Creatures (collateral kills)
  An orc priest (D:3)
  An ogre zombie (Ossuary)
2 creatures vanquished.

Grand Total: 99 creatures vanquished

Notes
Turn   | Place    | Note
-------+----------+-------------------------------------------
     0 | Abyss:1  | kae the Demonspawn Abyssal Knight began the quest for the
                  | Orb.
     0 | Abyss:1  | Reached XP level 1. HP: 18/18 MP: 2/2
    74 | Abyss:1  | Found a sparkling altar of Nemelex Xobeh.
   122 | Abyss:1  | Noticed a small abomination
   280 | Abyss:1  | Noticed an anaconda zombie
   290 | D:1      | Escaped the Abyss
   762 | D:1      | Gained mutation: You are partially covered in large bone
                  | plates. (SH +4) [demonic ancestry]
   762 | D:1      | Reached XP level 2. HP: 11/24 MP: 3/3
  1340 | D:1      | Found a faded altar of an unknown god.
  1476 | D:1      | Reached * piety under Lugonu
  1819 | D:2      | Reached XP level 3. HP: 27/29 MP: 4/4
  2235 | D:2      | Found Vakuim's Antique Weapon Shop.
  2535 | D:2      | Gained mutation: A weak demonic guardian rushes to your
                  | aid. [demonic ancestry]
  2535 | D:2      | Reached XP level 4. HP: 8/37 MP: 5/5
  3608 | D:3      | Gained mutation: You have sharp fingernails. [demonic
                  | ancestry]
  3608 | D:3      | Reached XP level 5. HP: 32/42 MP: 6/6
  4033 | D:3      | Noticed Sigmund
  4088 | D:3      | Killed Sigmund
  4089 | D:3      | Gained mutation: You are mostly covered in large bone
                  | plates. (SH +6) [demonic ancestry]
  4089 | D:3      | Reached XP level 6. HP: 32/48 MP: 7/7
  4315 | D:3      | Reached ** piety under Lugonu
  4701 | D:4      | Found a sand-covered staircase.
  4723 | Ossuary  | Entered an ossuary
  5647 | Ossuary  | Slain by a troll zombie

Illustrated notes

Levels and vault maps discovered:
D:1:      dpeg_arrival_connections, layout_loops_ring,
          ebering_ecumenical_altar_mist, nrook_mini_vaults, hex_medium,
          minmay_small_reverse_x
D:2:      layout_basic, serial_shops, shop
D:3:      layout_loops_ring, uniq_sigmund
D:4:      layout_rooms, nicolae_hepliaklqana_hazy_memory, enter_ossuary_1,
          gup_sewer_entry_bubbles, chequers_big_river, uniq_blork_the_orc
Ossuary:  ossuary_boxes_badplayer

Skill      XL: |  1  2  3  4  5  6 |
---------------+-------------------+-----
Long Blades    | 2 3 4 |  4.1
Fighting       | 4 |  4.1
Unarmed Combat | 3 4 |  4.5
Armour         | |  1.7
Dodging        | |  0.8
Invocations    | |  2.4

Action                   |  1- 3 |  4- 6 || total
-------------------------+-------+-------++-------
Melee: Falchion          |   128 |   290 ||   418
       Punch             |       |     5 ||     5
Invok: Depart the Abyss  |     1 |       ||     1
  Use: Scroll            |     4 |     5 ||     9
       Potion            |     1 |     3 ||     4
Armor: Leather armour    |    26 |    16 ||    42
       Skin              |       |    35 ||    35
       Ring mail         |       |    53 ||    53
Dodge: Dodged            |    73 |   105 ||   178
Block: Other             |    18 |    47 ||    65
       Rpst.: Falchion   |    23 |    35 ||    58

Table legend: (Time is in decaauts)
 A = Elapsed time spent in this place.
 B = Non-inter-level travel time spent in this place.
 C = Inter-level travel time spent in this place.
 D = Time resting spent in this place.
 E = Time spent auto-exploring this place.
 F = Levels seen in this place.
 G = Mean time per level.
                   A        B        C        D        E       F      G
               +--------+--------+--------+--------+--------+-----+--------+
         Total |   5702 |   5645 |     57 |    833 |   3797 |   6 |  950.3 |
       Dungeon |   4474 |   4417 |     57 |    573 |   3222 |   4 | 1118.5 |
         Abyss |    290 |    290 |      0 |    100 |    168 |   1 |  290.0 |
       Ossuary |    937 |    937 |      0 |    160 |    407 |   1 |  937.0 |
               +--------+--------+--------+--------+--------+-----+--------+

Top non-repeatable levels by time:
     D:2: 1718 daAuts
     D:1: 1477 daAuts
     D:3: 1238 daAuts
 Ossuary: 937 daAuts
 Abyss:1: 290 daAuts
     D:4: 40 daAuts
